 Dungeon Crawl Stone Soup version 0.30-a0-883-g5ad918d77d (webtiles) character file.

Game seed: 870533252559804556

547584 pokedragonboy the Slayer (level 26, 0/272 HPs)
             Began as a Naga Warper on Mar 17, 2023.
             Was the Champion of Cheibriados.
             Splashed by an acid blob's acid (4 damage)
             ... created by the Royal Jelly
             ... on level 5 of the Pits of Slime.
             The game lasted 07:32:39 (76204 turns).

pokedragonboy the Slayer (Naga Warper)             Turns: 76204, Time: 07:32:40

Health: 0/272      AC: 14    Str: 32    XL:     26   Next: 20%
Magic:  8/44       EV: 12    Int: 42    God:    Cheibriados [******]
Gold:   1345       SH:  0    Dex: 27    Spells: 18/68 levels left

rFire   + . .      SeeInvis +    a - +5 glaive of the Guard {elec, spectral, AC+5}
rCold   + + +      Faith    .    (shield currently unavailable)
rNeg    + . .      Spirit   .    j - +0 gold dragon scales
rPois   +          Reflect  +    W - +2 helmet "Buon" {rPois rC+ Int+3}
rElec   +          Rampage  .    k - +1 cloak of Starlight {*Dazzle EV+4 Stlth--}
rCorr   +                        O - +0 pair of gloves
Will    +++..                    Q - +4 barding Stlth
                                 K - amulet of reflection
HPRegen 0.65/turn                H - ring "Hyeqech" {rPois rC+ rCorr}
MPRegen 0.29/turn                F - ring "Zilui" {rElec rN+ Int+5}

@: confused, ice-armoured, death channelling, ambrosia-drunk, wereblooded,
corroded, very slow
A: AC +8, large, see invisible, deformed body, poison resistance, slowness 2,
spit poison 1, naga tail 2, low MP 1, weak 1
}: 3/15 runes: decaying, silver, gossamer
a: Spit Poison, Renounce Religion, Bend Time, Temporal Distortion, Slouch, Step
From Time


You were on level 5 of the Pits of Slime.
You worshipped Cheibriados.
Cheibriados was exalted by your worship.
You visited 10 branches of the dungeon, and saw 48 of its levels.
You also visited: Gauntlet, Ice Cave and Volcano.

You collected 6489 gold pieces.
You spent 5144 gold pieces at shops.

Inventory:

Hand Weapons
 a - the +5 glaive of the Guard (weapon) {elec, spectral, AC+5}
   (You found it on level 2 of the Depths)

   AC:        It affects your AC (+5).
 b - a +2 vampiric war axe
 c - a +8 demon trident of flaming
Armour
 i - a scarf of resistance
 j - +0 gold dragon scales (worn)
 k - the +1 cloak of Starlight (worn) {*Dazzle EV+4 Stlth--}
   (You found it on level 4 of the Swamp)

   *Dazzle:   It may blind those who miss an attack against the wearer in melee
   combat.
   EV:        It affects your evasion (+4).
   Stlth:     It makes you much less stealthy.
 E - a +2 kite shield
 O - a +0 pair of gloves (worn)
 Q - a +4 barding (worn)
 W - the +2 helmet "Buon" (worn) {rPois rC+ Int+3}
   (You found it in a Gauntlet)

   Int:       It affects your intelligence (+3).
   rC:        It protects you from cold.
   rPois:     It protects you from poison.
Jewellery
 s - the ring of Waeplume {rPois rN+ Stlth+}
   (You took it off a hell knight on level 5 of the Vaults)

   [ring of poison resistance]

   rPois:     It protects you from poison.
   rN:        It protects you from negative energy.
   Stlth:     It makes you more stealthy.
 D - the ring "Jedile" {Will+ rCorr Int-5 SInv}
   (You took it off an orc warrior on level 5 of the Vaults)

   [ring of willpower]

   Int:       It affects your intelligence (-5).
   SInv:      It lets you see invisible.
   rCorr:     It protects you from acid and corrosion.
   Will:      It increases your willpower.
 F - the ring "Zilui" (right hand) {rElec rN+ Int+5}
   (You found it on level 3 of the Elven Halls)

   [ring of positive energy]

   Int:       It affects your intelligence (+5).
   rElec:     It insulates you from electricity.
   rN:        It protects you from negative energy.
 H - the ring "Hyeqech" (left hand) {rPois rC+ rCorr}
   (You found it in a Gauntlet)

   [ring of resist corrosion]

   rC:        It protects you from cold.
   rPois:     It protects you from poison.
   rCorr:     It protects you from acid and corrosion.
 K - an amulet of reflection (around neck)
 X - a ring of flight
 Z - the ring "Isihar" {rElec rPois rF- Will+ Str+5}
   (You took it off a minotaur in a Gauntlet)

   [ring of willpower]

   Str:       It affects your strength (+5).
   rF:        It makes you vulnerable to fire.
   rElec:     It insulates you from electricity.
   rPois:     It protects you from poison.
   Will:      It increases your willpower.
Wands
 f - a wand of mindburst (32)
 u - a wand of polymorph (18)
 w - a wand of quicksilver (27)
 J - a wand of roots (17)
 R - a wand of digging (17)
 S - a wand of charming (32)
Scrolls
 e - 8 scrolls of immolation
 l - 5 scrolls of silence
 o - 9 scrolls of teleportation
 x - 7 scrolls of fog
 y - 2 scrolls of magic mapping
 A - 2 scrolls of torment
 C - 7 scrolls of vulnerability
 L - 4 scrolls of fear
Potions
 d - 6 potions of berserk rage
 g - 3 potions of attraction
 m - 2 potions of cancellation
 n - 8 potions of resistance
 p - 6 potions of magic
 t - 13 potions of curing
 z - 9 potions of brilliance
 G - 5 potions of lignification
 I - 7 potions of might
 P - a potion of ambrosia
 T - 9 potions of invisibility
Miscellaneous
 v - a box of beasts (inert)
 B - a condenser vane
 M - a phantom mirror
 V - a phial of floods
 Y - a lightning rod (4/4)


   Skills:
 + Level 22.8 Fighting
 - Level 20.0 Polearms
 - Level 0.8 Throwing
 - Level 1.0 Armour
 - Level 10.0 Dodging
 * Level 21.9 Spellcasting
 - Level 3.0 Conjurations
 + Level 15.6 Necromancy
 + Level 16.2 Translocations
 - Level 5.0 Transmutations
 - Level 5.0 Ice Magic
 - Level 14.4 Invocations
 - Level 8.0 Evocations


You had 18 spell levels left.
You knew the following spells:

 Your Spells              Type           Power      Damage    Failure   Level
a - Lesser Beckoning      Tloc           100%       N/A       1%          2
b - Teleport Other        Tloc           100%       N/A       1%          3
c - Vhi's Electric Charg  Tloc/Air       100%       N/A       2%          3
d - Manifold Assault      Tloc           100%       N/A       1%          4
e - Animate Dead          Necr           100%       N/A       1%          4
f - Dispersal             Tloc           55%        N/A       4%          6
g - Passage of Golubria   Tloc           100%       N/A       1%          4
h - Gell's Gravitas       Tloc           100%       N/A       1%          3
j - Wereblood             Tmut           73%        N/A       4%          2
k - Ozocubu's Armour      Ice            73%        N/A       9%          3
m - Blink                 Tloc           100%       N/A       1%          2
r - Death Channel         Necr           54%        N/A       5%          6
s - Sublimation of Blood  Necr           100%       N/A       1%          2
t - Simulacrum            Ice/Necr       46%        N/A       43%         6

Your spell library contained the following spells:

 Spells                   Type           Power      Damage    Failure   Level
 Apportation              Tloc           100%       N/A       1%          1
 Kiss of Death            Conj/Necr      100%       2d13      1%          1
 Necrotise                Necr           100%       1d9       1%          1
 Dispel Undead            Necr           100%       3d31      1%          4
 Agony                    Necr           100%       N/A       1%          5
 Beastly Appendage        Tmut           100%       N/A       2%          1
 Freeze                   Ice            100%       1d10      2%          1
 Cigotuvi's Dreadful Rot  Necr/Pois/Air  100%       N/A       3%          2
 Iskenderun's Mystic Bla  Conj/Tloc      91%        2d18      4%          4
 Magic Dart               Conj           100%       1d8       6%          1
 Kindle Blastsparks       Fire/Tloc/Air  100%       2d18      7%          3
 Frozen Ramparts          Ice            100%       1d16      9%          3
 Searing Ray              Conj           100%       2d8       10%         2
 Passwall                 Tmut/Erth      50%        N/A       12%         2
 Hailstorm                Conj/Ice       68%        3d14      12%         3
 Static Discharge         Conj/Air       100%       2-7/arc   17%         2
 Summon Forest            Summ/Tloc      42%        N/A       21%         5
 Sandblast                Erth           92%        2d19      22%         1
 Summon Small Mammal      Summ           100%       N/A       22%         1
 Spider Form              Tmut/Pois      61%        N/A       22%         3
 Borgnjor's Vile Clutch   Necr/Erth      42%        N/A       24%         5
 Ice Form                 Ice/Tmut       73%        N/A       26%         4
 Call Imp                 Summ           46%        N/A       32%         2
 Ignite Poison            Fire/Tmut/Pois 56%        N/A       32%         3
 Dazzling Flash           Conj/Hex       100%       N/A       34%         3
 Stone Arrow              Conj/Erth      100%       3d13      34%         3
 Mephitic Cloud           Conj/Pois/Air  53%        N/A       38%         3
 Confusing Touch          Hex            46%        N/A       54%         3
 Inner Flame              Hex/Fire       46%        N/A       54%         3
 Summon Guardian Golem    Hex/Summ       46%        N/A       54%         3
 Tukima's Dance           Hex            46%        N/A       54%         3
 Petrify                  Tmut/Erth      61%        N/A       58%         4
 Summon Ice Beast         Ice/Summ       61%        N/A       58%         4
 Blade Hands              Tmut           36%        N/A       58%         5
 Flame Wave               Conj/Fire      55%        2d13      75%         4
 Fulminant Prism          Conj/Hex       27%        3d13      75%         4
 Sticky Flame             Conj/Fire      55%        2d7       75%         4
 Irradiate                Conj/Tmut      34%        3d23      75%         5
 Iskenderun's Battlesphe  Conj           63%        2d11      86%         5
 Disjunction              Tloc           55%        N/A       87%         8
 Freezing Cloud           Conj/Ice/Air   31%        6-21      89%         5
 Leda's Liquefaction      Hex/Erth       23%        N/A       91%         4
 Summon Lightning Spire   Summ/Air       46%        N/A       91%         4
 Alistair's Intoxication  Tmut/Pois      40%        N/A       91%         5
 Metabolic Englaciation   Hex/Ice        30%        N/A       91%         5
 Yara's Violent Unravell  Hex/Tmut       30%        3d13      91%         5
 Arcjolt                  Conj/Air       27%        1d37      97%         5
 Fireball                 Conj/Fire      27%        3d12      97%         5
 Lightning Bolt           Conj/Air       27%        1d44      97%         5
 Lee's Rapid Deconstruct  Erth           23%        3d13*     99%         5
 Silence                  Hex/Air        23%        N/A       99%         5
 Summon Mana Viper        Hex/Summ       46%        N/A       99%         5
 Conjure Ball Lightning   Conj/Air       27%        3x3d8     100%        6
 Eringya's Noxious Bog    Tmut/Pois      30%        N/A       100%        6
 Starburst                Conj/Fire      27%        6d9       100%        6
 Statue Form              Tmut/Erth      40%        N/A       100%        6
 Summon Cactus Giant      Summ           23%        N/A       100%        6
 Enfeeble                 Hex            23%        N/A       100%        7
 Orb of Destruction       Conj           31%        9d10      100%        7
 Ozocubu's Refrigeration  Ice            36%        4d15      100%        7
 Storm Form               Tmut/Air       30%        N/A       100%        7
 Summon Hydra             Summ           23%        N/A       100%        7
 Maxwell's Capacitive Co  Air            23%        ∞         100%        8
 Polar Vortex             Ice            36%        N/A       100%        9


Dungeon Overview and Level Annotations

Branches:
Dungeon (15/15)            Temple (1/1) D:6            Lair (5/5) D:11
  Swamp (4/4) Lair:2       Spider (4/4) Lair:3        Slime (5/5) Lair:5
    Orc (2/2) D:9             Elf (3/3) Orc:2        Vaults (5/5) D:13
  Crypt (0/3) Vaults:2     Depths (4/4) D:15            Zot (0/5) Depths:4
  IceCv (visited)         Volcano (visited)         Gauntlet (visited)

Altars:
Ashenzari
Cheibriados
Dithmenos
Elyvilon
Fedhas
Gozag
Hepliaklqana
Kikubaaqudgha
Makhleb
Nemelex Xobeh
Okawaru
Qazlal
Ru
Sif Muna
Trog
Uskayaw
Vehumet
Wu Jian
Xom
Yredelemnul
Zin
The Shining One
Jiyva
Lugonu

Shops:
D:1 =?((   D:3 :((   D:5 *=*(:(   Orc:2 (:*[   Elf:3 [*![!!=   Vaults:2 :
Vaults:3 :   Depths:1 :   Depths:2 ([(

Portals:
Hell: Depths:1 Depths:2 Depths:3 Depths:4
Abyss: Depths:2 Depths:3
Pandemonium: Depths:2
Ziggurat: Depths:1
Trove: Depths:3 (give +4 storm dragon scales)

Annotations:
D:12 3 runed translucent doors, Dil's ghost, journeyman MiBe
Slime:5 Royal Jelly
Depths:1 exclusions: 3 ancient liches and 2 dread liches


Innate Abilities, Weirdness & Mutations

Your serpentine skin is tough. (AC +8)
You have supernaturally acute eyesight. (SInv)
Armour fits poorly on your strangely shaped body.
Your system is resistant to poisons. (rPois)
You cover ground very slowly.
You can spit poison.
You can use your snake-like lower body to constrict enemies.
Your magical capacity is low. (-10% MP)
You are weak. (Str -2)


Message History

You kill the quicksilver ooze!
That felt strangely unrewarding.
You kill the azure jelly!
That felt strangely unrewarding.
You kill the azure jelly!
That felt strangely unrewarding.
Your +5 glaive of the Guard {elec, spectral, AC+5} fades away.
You kill the quicksilver ooze!
That felt strangely unrewarding.
You kill the quicksilver ooze!
That felt strangely unrewarding.
The Royal Jelly shudders violently.
The Royal Jelly spits out four more jellies.
The acid blob spits acid at you. The splash of acid hits you! You resist.
* * * LOW HITPOINT WARNING * * *
The acid blob hits you.
* * * LOW HITPOINT WARNING * * *
You are splashed with acid.
You resist.
* * * LOW HITPOINT WARNING * * *
The Royal Jelly hits you!!
* * * LOW HITPOINT WARNING * * *
You are splashed with acid.
You resist.
* * * LOW HITPOINT WARNING * * *
The Royal Jelly hits you!
* * * LOW HITPOINT WARNING * * *
The acid corrodes you!
You are splashed with acid.
You resist.
* * * LOW HITPOINT WARNING * * *
Okay, then.
Okay, then.
Casting: Manifold Assault (safe; 1% risk of failure)
Confirm with . or Enter, or press ? or * to list all spells.
Okay, then.
Okay, then.
Okay, then.
Okay, then.
You are confused.
You feel invigorated. The acid blob hits you.
* * * LOW HITPOINT WARNING * * *
You are splashed with acid.
You resist.
You die...

***,,,,,,,,,,,,,,,.........
**,,...............,........
****,,,................,.......
*,*,,,,................,,......
***,,,,,................,,......
*,,,,,,,................,,......
*,,,,,,,.....§.§........,,......
**,,,,,,.......JJ.J.....,,.....J
*,,,,,,.....§.@JJJ....#,,....##
##..............JJJ....#**#.#**#
##....................###,*#,,**,
#.....................#*,,,**,*,,
#....................##,,,**,,**,
...................###,,,,,*,**,,
#.........J........##*,,,,**,,**,
#...................#**,,*,**,*,*
...................####*****,,***


You could see the Royal Jelly, 3 acid blobs, 4 azure jellies, a rockslime and a
quicksilver ooze.

Vanquished Creatures
  A dread lich (Vaults:5)
  3 ancient liches
  A juggernaut (Depths:4)
  Bai Suzhen (Vaults:4)
  the Lernaean hydra (Swamp:4)
  Saint Roka (Vaults:5)
  Margery (Vaults:5)
  Jory (Vaults:3)
  3 golden dragons
  2 bone dragons (Depths:4)
  Arachne (Spider:4)
  Jorgrun (D:13)
  Zenata (Vaults:4)
  2 tentacled monstrosities
  An Ice Fiend (IceCv)
  3 titans
  2 liches
  Asterion (Spider:2)
  16 acid blobs
  2 quicksilver dragons
  2 deep elf master archers (Elf:3)
  5 deep elf blademasters
  A walking frostbound tome (Depths:2)
  4 storm dragons
  4 sphinxes
  2 tengu reavers
  3 shadow dragons
  Kirke (D:12)
  6 rockslimes
  6 fire giants
  8 azure jellies
  2 emperor scorpions (Spider:4)
  Aizul (Depths:2)
  Louise (Swamp:2)
  4 iron dragons
  8 frost giants
  21 vault wardens
  3 ghost moths
  8 deep elf sorcerers
  22 ironbound preservers
  2 deep elf elementalists
  15 quicksilver oozes
  15 very ugly things
  A draconian stormcaller (Depths:4)
  A caustic shrike skeleton (Depths:1)
  3 war gargoyles
  8 ironbound thunderhulks
  11 stone giants
  3 broodmothers
  2 green draconians
  4 eleionomae
  A vampire knight (Depths:3)
  5 deep elf annihilators
  2 red draconians (Depths:4)
  6 dire elephants
  5 deep elf demonologists
  A white draconian (Depths:4)
  2 yellow draconians (Depths:4)
  A minotaur (Gauntlet)
  3 purple draconians (Depths:4)
  10 spark wasps
  4 bunyips
  Snorg (Lair:5)
  7 ettins
  A crystal guardian (Vaults:2)
  The ghost of Pimp the Blocker, a journeyman FoFi of Okawaru (D:11)
  4 deep elf death magi
  3 deep elf high priests
  9 fire dragons
  10 entropy weavers
  9 great orbs of eyes
  13 yaktaur captains
  Harold (D:11)
  Fannar (D:12)
  Josephine (D:12)
  17 hydras
  6 ogre magi
  40 vault guards
  2 peacekeepers
  8 ice dragons
  2 catoblepae (D:14)
  5 ghost crabs
  A spriggan air mage (Depths:1)
  8 ironbound frosthearts
  A rakshasa (Depths:3)
  26 centaur warriors
  7 radroaches
  13 boulder beetles
  A death knight (D:13)
  3 alligators
  22 two-headed ogres
  2 hell hogs
  2 death scarabs (Gauntlet)
  20 dancing weapons
  10 deep troll earth magi
  10 deep troll shamans
  A vampire mage (Vaults:2)
  3 tengu warriors
  19 death yaks
  7 spriggan berserkers
  6 hell knights
  7 sun demons (Depths:1)
  22 deep elf knights
  5 fire crabs (D:14)
  2 shadow wraiths (Vaults:5)
  7 skeletal warriors
  5 iron trolls
  4 pharaoh ants
  A spark wasp zombie (Depths:1)
  A shadow demon (Depths:2)
  2 spriggan riders
  2 flayed ghosts
  5 goliath frogs
  8 swamp dragons
  4 bog bodies
  8 orb spiders
  27 ironbound convokers
  5 wizards
  2 spriggan druids (Swamp:2)
  4 harpies (Vaults:1)
  A sea snake (shapeshifter) (Elf:1)
  4 glowing orange brains
  An obsidian statue (IceCv)
  14 lindwurms
  63 deep trolls
  8 orc knights
  6 steelbarb worms
  3 phantasmal warriors (Vaults:5)
  Pikel (D:4)
  14 deep elf archers
  A swamp dragon (shapeshifter) (D:15)
  32 deep elf pyromancers
  A necromancer (Depths:1)
  35 ugly things
  20 wolf spiders
  28 deep elf zephyrmancers
  An orc sorcerer (Elf:1)
  4 cyclopes
  2 moths of wrath
  A manticore (D:13)
  8 shining eyes
  A will-o-the-wisp (Swamp:4)
  11 elephants
  An elephant (shapeshifter) (Vaults:1)
  8 black mambas
  4 torpor snails
  2 ice statues (Elf:3)
  3 eyes of devastation
  11 demonic crawlers
  An apocalypse crab (D:14)
  19 vault sentinels
  4 centaur skeletons (D:13)
  11 cane toads
  5 molten gargoyles
  A torpor snail (shapeshifter) (Vaults:5)
  An unseen horror (D:12)
  Psyche (D:11)
  2 efreet (Volcano)
  36 yaktaurs
  11 komodo dragons
  2 kobold demonologists (D:10)
  5 freezing wraiths
  2 anaconda simulacra (IceCv)
  5 rime drakes
  A tengu conjurer (Depths:4)
  9 ice devils (IceCv)
  8 human zombies (Vaults:5)
  3 golden dragon simulacra (IceCv)
  A meliai (shapeshifter) (Vaults:3)
  8 trolls
  4 meliai
  2 polar bears
  4 tyrant leeches
  A wind drake (shapeshifter) (Elf:3)
  13 hornets
  A raiju (shapeshifter) (Depths:3)
  A spectral lindwurm (Gauntlet)
  6 dream sheep (Lair:4)
  15 tarantellas
  9 blink frogs
  2 ettin zombies (Depths:1)
  2 snapping turtles (shapeshifter) (Vaults:5)
  82 slime creatures
  17 jumping spiders
  10 spriggans
  3 shadows
  A spectral black mamba (Gauntlet)
  Sigmund (D:3)
  A frost giant simulacrum (Depths:1)
  5 wraiths
  4 air elementals
  18 culicivoras
  4 vampires
  A slime creature (shapeshifter) (Vaults:5)
  8 wyverns
  7 hogs (D:12)
  7 fire bats
  2 water elementals
  39 yaks
  A spectral komodo dragon (Gauntlet)
  7 fire elementals
  5 steam dragons
  6 basilisks
  40 redbacks
  A chaos spawn (Depths:2)
  12 minotaur simulacra (IceCv)
  5 vampire mosquitoes
  5 wargs
  Edmund (D:6)
  2 harpy simulacra (IceCv)
  5 spriggan simulacra
  17 swamp worms
  14 water moccasins
  2 acid dragons
  6 hell hounds
  A floating eye (Depths:3)
  7 swamp drakes
  2 ice beasts
  31 orc warriors
  3 black bears
  An alligator simulacrum (IceCv)
  4 sky beasts
  10 wolves
  5 boggarts
  26 centaurs
  34 ogres
  A lemure (D:4)
  8 bullfrogs
  8 kobold brigands
  3 gnoll sergeants
  2 scorpions
  6 earth elementals
  10 deep troll simulacra (IceCv)
  16 wights
  2 tengu zombies
  4 killer bees
  A lindwurm simulacrum (IceCv)
  3 howler monkeys
  6 electric eels
  5 lava snakes (Lair:5)
  10 jellies
  5 hounds
  A gnoll bouda (D:7)
  14 orc priests
  A sleepcap (D:8)
  5 iguanas
  12 orc wizards
  Natasha (thrice) (D:2)
  2 hell rats (Lair:5)
  A human simulacrum (D:10)
  5 adders
  25 gnolls
  7 river rats (Lair:5)
  A shadow imp (D:6)
  2 white imps (D:6)
  4 worms (D:2)
  A dart slug (D:1)
  66 orcs
  3 ball pythons
  10 endoplasms
  3 giant cockroaches
  6 goblins
  5 hobgoblins
  35 kobolds
  5 quokkas
  3 bats
  A frilled lizard (D:1)
  11 rats
  A spectral kobold (D:1)
  2 fire vortices (Volcano)
1959 creatures vanquished.

Vanquished Creatures (collateral kills)
  Mara (Swamp:3)
  Nikola (Swamp:1)
  A lich (Depths:2)
  4 acid blobs
  A sphinx (Depths:2)
  A walking frostbound tome (Depths:2)
  2 storm dragons (Vaults:5)
  The ghost of Lexicon the Warrior, an adept MiFi of Okawaru (Spider:2)
  An azure jelly (Slime:5)
  A frost giant (Depths:3)
  A rockslime (Slime:5)
  A deep elf sorcerer (Vaults:5)
  3 vault wardens (Vaults:3)
  5 ironbound preservers
  A war gargoyle (Vaults:4)
  2 very ugly things
  3 quicksilver oozes (Slime:5)
  An ironbound thunderhulk (Vaults:2)
  4 eleionomae
  A deep elf demonologist (Elf:1)
  A green draconian (Swamp:1)
  A bunyip (Swamp:4)
  A deep elf annihilator (Elf:3)
  An acid blob zombie (Slime:5)
  3 spark wasps
  A dire elephant (Vaults:3)
  2 ettins
  A deep elf death mage (Elf:3)
  A great orb of eyes (Vaults:2)
  A deep elf high priest (Elf:3)
  A yaktaur captain (Vaults:4)
  A shambling mangrove (Swamp:4)
  8 hydras
  An ironbound frostheart (Vaults:2)
  2 centaur warriors (Vaults:3)
  A spriggan air mage (Depths:1)
  2 alligators
  2 boulder beetles (Spider:4)
  2 dancing weapons (Elf:2)
  3 spriggans
  A deep elf knight (Elf:2)
  A hell knight (Vaults:5)
  A titan skeleton (Depths:1)
  A sun moth (Spider:4)
  2 goliath frogs
  12 deep trolls
  6 swamp dragons
  A bog body (Swamp:4)
  A spriggan rider (Depths:4)
  3 spriggan druids
  4 iron trolls
  A glowing orange brain (Slime:5)
  3 ironbound convokers
  4 steelbarb worms (Spider:4)
  A tengu zombie (Depths:1)
  A lindwurm (Vaults:2)
  2 orc knights (Vaults:2)
  3 necromancers
  A wizard (Vaults:3)
  3 wolf spiders (Spider:3)
  3 deep elf pyromancers
  A phantasmal warrior (Vaults:3)
  2 shining eyes (Slime:5)
  2 will-o-the-wisps
  A guardian serpent (shapeshifter) (Vaults:3)
  A demonic crawler (Spider:3)
  23 slime creatures
  An eye of devastation (Slime:4)
  An orange demon (Depths:2)
  5 yaktaurs
  A vault sentinel (Vaults:2)
  A red devil (Depths:2)
  3 meliai (Spider:4)
  A bloated husk (Swamp:4)
  A tyrant leech (Swamp:4)
  3 hornets
  2 tarantellas
  3 jumping spiders (Spider:3)
  A water elemental (Elf:3)
  4 swamp worms
  2 swamp drakes (Swamp:4)
  2 orc warriors (Vaults:2)
  An earth elemental (Elf:1)
  4 jellies (Slime:3)
  4 orcs
  A fungus (Elf:3)
198 creatures vanquished.

Vanquished Creatures (others)
  A storm dragon (Vaults:5)
  A fire giant (Depths:3)
  A rockslime zombie (Slime:5)
  5 spark wasps
  3 very ugly thing zombies
  2 acid blob zombies (Slime:5)
  A bunyip (Swamp:3)
  A yaktaur captain (Vaults:5)
  An entropy weaver (D:14)
  2 storm dragon zombies (Vaults:5)
  A spriggan druid (Swamp:1)
  A bunyip zombie (Swamp:3)
  A deep elf archer (Elf:1)
  A sphinx zombie (Vaults:4)
  An iron dragon zombie (Vaults:5)
  2 wolf spider zombies
  A broodmother zombie (Spider:4)
  2 frost giant zombies
  2 stone giant zombies
  2 ugly thing zombies (Vaults:1)
  A fire giant zombie (Depths:3)
  A minotaur zombie (Spider:2)
  A dire elephant zombie (Vaults:2)
  2 centaur zombies (Vaults:3)
  29 human zombies
  2 swamp worm zombies (Swamp:4)
  A white draconian zombie (Depths:4)
  An iron troll zombie (Depths:3)
  3 redback zombies
  A tengu conjurer (Depths:3)
  6 bloated husks
  7 hydra zombies (Swamp:4)
  2 jumping spider zombies
  A radroach zombie (Spider:4)
  4 culicivora zombies
  2 tarantella zombies (Spider:4)
  2 alligator zombies
  An ettin zombie (Vaults:5)
  4 meliai zombies
  A fire dragon zombie (Depths:4)
  A culicivora (Spider:1)
  18 slime creature zombies
  32 deep troll zombies
  A tengu zombie (Depths:4)
  An entropy weaver zombie (Vaults:2)
  A hell hound (Depths:1)
  A lindwurm zombie (Vaults:1)
  5 hornet zombies
  6 orc zombies (Vaults:5)
  7 swamp dragon zombies
  2 ghost crab zombies
  28 elf zombies
  2 vampire mosquito zombies (Swamp:3)
  9 yaktaur zombies
  A hell hound zombie (Depths:1)
  A wight (D:10)
  A warg zombie (Vaults:5)
  6 spriggan zombies
  2 troll zombies (Vaults:5)
  3 howler monkeys (D:10)
  An ogre zombie (Vaults:5)
  A human simulacrum (D:10)
  3 swamp drake zombies
  2 jelly zombies (Slime:3)
  10 foxfires (Swamp:4)
  30 fungi
  21 plants
300 creatures vanquished.

Grand Total: 2457 creatures vanquished

Notes
Turn   | Place    | Note
-------+----------+-------------------------------------------
     0 | D:1      | pokedragonboy the Naga Warper began the quest for the Orb.
     0 | D:1      | Reached XP level 1. HP: 19/19 MP: 3/3
    62 | D:1      | Found Umnoulo's Jewellery Boutique.
   169 | D:1      | Found Nato's Antique Weapon Shoppe.
   182 | D:1      | Reached XP level 2. HP: 9/26 MP: 5/5
   287 | D:1      | Reached skill level 1 in Armour
   316 | D:1      | Found Cedeaff's Antique Weapon Shop.
   544 | D:1      | Found a faded altar of an unknown god.
   672 | D:1      | Reached XP level 3. HP: 30/31 MP: 6/6
   787 | D:1      | Found Zicoito's Magic Scroll Shop.
   795 | D:1      | Bought a scroll of identify for 28 gold pieces
  1243 | D:2      | Found a hide-covered altar of Uskayaw.
  1317 | D:2      | Noticed Natasha
  1321 | D:2      | Killed Natasha
  1322 | D:2      | Reached XP level 4. HP: 40/40 MP: 7/7
  1553 | D:2      | Noticed Natasha
  1565 | D:2      | Killed Natasha
  1724 | D:2      | Noticed Natasha
  1729 | D:2      | Killed Natasha
  1730 | D:2      | Reached XP level 5. HP: 44/48 MP: 6/8
  1972 | D:3      | Found Gianep's Weapon Shoppe.
  1978 | D:3      | Found Mof Kez's Weapon Shop.
  2113 | D:3      | Found Quvom's Book Boutique.
  2141 | D:3      | Noticed Sigmund
  2162 | D:3      | Killed Sigmund
  2163 | D:3      | Reached skill level 3 in Fighting
  2163 | D:3      | Reached XP level 6. HP: 56/56 MP: 7/9
  2590 | D:3      | Identified the +2 leather armour "Qeor" {rElec Str+3}
  2916 | D:3      | Learned a level 2 spell: Blink
  2919 | D:3      | Learned a level 2 spell: Lesser Beckoning
  2923 | D:3      | Learned a level 3 spell: Teleport Other
  3239 | D:4      | Reached XP level 7. HP: 63/63 MP: 10/10
  3243 | D:4      | Reached skill level 5 in Polearms
  3399 | D:4      | Noticed Pikel
  3479 | D:4      | Killed Pikel
  3480 | D:4      | Reached skill level 4 in Fighting
  3480 | D:4      | Reached skill level 5 in Translocations
  3480 | D:4      | Reached XP level 8. HP: 73/73 MP: 11/11
  4182 | D:5      | Entered Level 5 of the Dungeon
  4202 | D:5      | Reached skill level 5 in Fighting
  4260 | D:5      | Found Ypeuzau's Assorted Antiques.
  4358 | D:5      | Found Terif's Jewellery Shop.
  4361 | D:5      | Found Axzoz's Elemental Accessories.
  4430 | D:5      | Found Pevych's Weapon Shoppe.
  4508 | D:5      | Reached XP level 9. HP: 65/81 MP: 8/12
  4512 | D:5      | Learned a level 3 spell: Vhi's Electric Charge
  4559 | D:5      | Found Huodylam's Book Shop.
  4629 | D:5      | Found Tysighuwn's Antique Weapon Shop.
  5263 | D:6      | Found a staircase to the Ecumenical Temple.
  5274 | Temple   | Entered the Ecumenical Temple
  5501 | Temple   | Became a worshipper of Cheibriados the Contemplative
  5873 | D:6      | Noticed Edmund
  5885 | D:6      | Killed Edmund
  5886 | D:6      | Reached skill level 1 in Invocations
  6105 | D:7      | Found a stormy altar of Qazlal.
  6121 | D:7      | Reached skill level 6 in Fighting
  6121 | D:7      | Reached skill level 5 in Dodging
  6147 | D:7      | Found a shadowy altar of Dithmenos.
  6177 | D:7      | Reached * piety under Cheibriados
  6928 | D:7      | Found a shimmering altar of Xom.
  6928 | D:7      | Found a shimmering altar of Xom.
  6929 | D:7      | Found a shimmering altar of Xom.
  6931 | D:7      | Found a shimmering altar of Xom.
  6966 | D:7      | Reached ** piety under Cheibriados
  6967 | D:7      | Reached XP level 10. HP: 92/92 MP: 13/13
  8080 | D:8      | Found an iron altar of Okawaru.
  8562 | D:9      | Reached skill level 7 in Fighting
  8577 | D:9      | Reached skill level 10 in Polearms
  8873 | D:9      | Reached *** piety under Cheibriados
  9126 | D:9      | Reached skill level 5 in Invocations
  9519 | D:1      | Bought a ring of wizardry for 300 gold pieces
  9972 | D:9      | Found a staircase to the Orcish Mines.
 10214 | D:9      | Reached XP level 11. HP: 81/100 MP: 14/14
 10300 | D:9      | Reached **** piety under Cheibriados
 10673 | D:10     | Entered Level 10 of the Dungeon
 11670 | D:10     | Reached skill level 8 in Fighting
 12162 | D:10     | Learned a level 4 spell: Manifold Assault
 12569 | D:11     | Noticed a two-headed ogre
 12576 | D:11     | Noticed a centaur warrior
 12579 | D:11     | Killed a two-headed ogre
 12579 | D:11     | Reached ***** piety under Cheibriados
 12593 | D:11     | Killed a centaur warrior
 12752 | D:11     | Noticed a two-headed ogre
 12753 | D:11     | Noticed Pimp's ghost (journeyman FoFi)
 12753 | D:11     | Noticed a two-headed ogre
 12754 | D:11     | Found a transporter.
 12754 | D:11     | Identified the +5 dire flail "Quummost" {freeze, rC+ Will+
                  | Dex-2}
 12754 | D:11     | Noticed a two-headed ogre
 12755 | D:11     | Found a transporter.
 12781 | D:11     | Noticed a two-headed ogre
 12791 | D:11     | Killed a two-headed ogre
 13014 | D:11     | Noticed Psyche
 13018 | D:11     | Killed Psyche
 13121 | D:11     | Noticed a two-headed ogre
 13288 | D:11     | Noticed a two-headed ogre
 13294 | D:11     | Killed a two-headed ogre
 13498 | D:11     | Found a staircase to the Lair.
 13498 | D:11     | Noticed Harold
 13541 | D:11     | Reached XP level 12. HP: 45/112 MP: 2/16
 13561 | D:11     | Killed a two-headed ogre
 13562 | D:11     | Reached skill level 9 in Fighting
 13565 | D:11     | Killed Harold
 14062 | Lair:1   | Entered Level 1 of the Lair of Beasts
 15423 | Lair:2   | Noticed a boulder beetle
 15868 | Lair:2   | Killed a boulder beetle
 16185 | Lair:2   | Reached skill level 10 in Fighting
 16185 | Lair:2   | Reached skill level 5 in Spellcasting
 16185 | Lair:2   | Gained mutation: You can use your snake-like lower body to
                  | constrict enemies. [Naga growth]
 16185 | Lair:2   | Reached XP level 13. HP: 100/123 MP: 15/20
 16400 | Lair:2   | Found a staircase to the Swamp.
 16402 | Lair:2   | Reached ****** piety under Cheibriados
 17790 | Lair:3   | Found a hole to the Spider Nest.
 18776 | Lair:4   | Reached skill level 15 in Polearms
 18882 | Lair:4   | Reached skill level 11 in Fighting
 18895 | Lair:5   | Entered Level 5 of the Lair of Beasts
 19388 | Lair:5   | Found a viscous altar of Jiyva.
 19388 | Lair:5   | Found a staircase to the Slime Pits.
 19526 | Lair:5   | Noticed Snorg
 19558 | Lair:5   | Reached XP level 14. HP: 79/135 MP: 2/21
 21258 | D:5      | Bought a runed demon trident for 414 gold pieces
 21665 | Lair:5   | Learned a level 4 spell: Flame Wave
 21751 | Lair:5   | Killed Snorg
 21752 | Lair:5   | Reached skill level 10 in Dodging
 21861 | Lair:5   | Found a large runed translucent door.
 21980 | Lair:5   | Reached skill level 12 in Fighting
 22138 | Lair:5   | Found a large runed translucent door.
 23066 | D:5      | Bought an amulet of reflection for 300 gold pieces
 23398 | D:12     | Noticed Fannar
 23580 | D:12     | Found a hide-covered altar of Uskayaw.
 23584 | D:12     | Noticed Kirke
 23602 | D:12     | Killed Kirke
 23619 | D:12     | Noticed Dil's ghost (journeyman MiBe)
 23642 | D:12     | Killed Fannar
 23806 | D:12     | Found a runed translucent gate.
 23806 | D:12     | Found a runed translucent gate.
 23806 | D:12     | Found a runed translucent gate.
 23946 | D:12     | Noticed Josephine
 23951 | D:12     | Reached XP level 15. HP: 112/145 MP: 12/24
 23952 | D:12     | Killed Josephine
 24641 | D:13     | Noticed Jorgrun
 24649 | D:13     | Killed Jorgrun
 24892 | D:13     | Found a gate to the Vaults.
 24915 | D:13     | Found a gate leading to a gauntlet.
 24926 | Gauntlet | Entered a Gauntlet
 24926 | Gauntlet | Found a transporter.
 24926 | Gauntlet | Found a transporter.
 24938 | Gauntlet | Found a transporter.
 24955 | Gauntlet | Found a transporter.
 24955 | Gauntlet | Found a transporter.
 24957 | Gauntlet | Found a transporter.
 24960 | Gauntlet | Found a transporter.
 24960 | Gauntlet | Found a transporter.
 24964 | Gauntlet | Found a runed translucent door.
 24979 | Gauntlet | Found a transporter.
 24990 | Gauntlet | Found a transporter.
 24992 | Gauntlet | Found a runed translucent door.
 25000 | Gauntlet | Found a transporter.
 25014 | Gauntlet | Found a transporter.
 25034 | Gauntlet | Found a transporter.
 25041 | Gauntlet | Found a runed translucent gate.
 25041 | Gauntlet | Found a runed translucent gate.
 25041 | Gauntlet | Found a runed translucent gate.
 25169 | Gauntlet | Found a transporter.
 25523 | Gauntlet | Identified the +2 helmet "Buon" {rPois rC+ Int+3}
 25705 | Gauntlet | Identified the ring "Isihar" {rElec rPois rF- Will+ Str+5}
 25714 | Gauntlet | Identified the ring "Hyeqech" {rPois rC+ rCorr}
 25963 | D:11     | Killed Pimp's ghost
 25965 | D:11     | Reached skill level 13 in Fighting
 26799 | D:14     | Reached skill level 1 in Conjurations
 27456 | D:14     | Learned a level 6 spell: Dispersal
 27460 | D:14     | Learned a level 3 spell: Gell's Gravitas
 27707 | D:14     | Found a runed translucent door.
 28214 | D:14     | Reached XP level 16. HP: 155/157 MP: 23/27
 28585 | D:14     | Reached skill level 10 in Invocations
 28611 | D:14     | Identified the +9 falchion of a bazaar {spect, rN+}
 28770 | D:15     | Entered Level 15 of the Dungeon
 28786 | D:15     | Reached skill level 1 in Evocations
 28956 | D:15     | Found a staircase to the Depths.
 29724 | D:15     | Found a bloodstained altar of Trog.
 30504 | Orc:1    | Entered Level 1 of the Orcish Mines
 30514 | Orc:1    | Found a dark tunnel.
 30544 | Volcano  | Entered a volcano
 31072 | Volcano  | Reached skill level 14 in Fighting
 31869 | Orc:2    | Entered Level 2 of the Orcish Mines
 31926 | Orc:2    | Found a staircase to the Elven Halls.
 32173 | Orc:2    | Reached skill level 10 in Translocations
 32207 | Orc:2    | Found Icilia Heka's Antique Weapon Emporium.
 32207 | Orc:2    | Found Kyatrito's Assorted Antiques.
 32207 | Orc:2    | Found Qedwaese's Book Shop.
 32207 | Orc:2    | Found Satsuif's Antique Armour Shoppe.
 32781 | Orc:2    | Reached skill level 5 in Evocations
 32806 | Orc:2    | Reached XP level 17. HP: 31/168 MP: 19/30
 33355 | Orc:2    | Bought an embroidered scarf for 240 gold pieces
 33356 | Orc:2    | Bought 2 scrolls labelled VEGELAJA NUON for 76 gold pieces
 33357 | Orc:2    | Bought a potion of heal wounds for 190 gold pieces
 33359 | Orc:2    | Bought a book of Unlife for 468 gold pieces
 33578 | Lair:1   | Learned a level 4 spell: Animate Dead
 33581 | Lair:1   | Learned a level 2 spell: Sublimation of Blood
 33640 | Spider:1 | Entered Level 1 of the Spider Nest
 33806 | Spider:1 | Reached skill level 1 in Necromancy
 34250 | Spider:1 | Reached skill level 10 in Spellcasting
 35694 | Spider:2 | Reached skill level 15 in Fighting
 35795 | Spider:2 | Found a runed translucent gate.
 35795 | Spider:2 | Found a runed translucent gate.
 35795 | Spider:2 | Found a runed translucent gate.
 35804 | Spider:2 | Noticed Lexicon's ghost (adept MiFi)
 36355 | Spider:2 | Noticed Asterion
 36372 | Spider:2 | Killed Asterion
 36632 | Spider:2 | Your ally Asterion died
 36637 | Spider:2 | Reached skill level 5 in Necromancy
 37150 | Spider:2 | Killed Lexicon's ghost
 37737 | Spider:4 | Entered Level 4 of the Spider Nest
 37755 | Spider:3 | HP: 8/161 [meliai/divine providence (15)]
 38092 | Spider:3 | Reached XP level 18. HP: 141/175 MP: 30/33
 38314 | Spider:3 | HP: 8/164 [tarantella[a broodmother] (5)]
 38637 | Spider:4 | Noticed Arachne
 38641 | Spider:4 | Killed Arachne
 39287 | Spider:4 | Reached skill level 16 in Fighting
 39442 | Spider:4 | Got a gossamer rune of Zot
 40043 | D:5      | Bought a manual of Necromancy for 800 gold pieces
 40248 | Swamp:1  | Entered Level 1 of the Swamp
 40804 | Swamp:1  | Noticed Nikola
 40808 | Swamp:1  | Killed Nikola
 41957 | Swamp:2  | Noticed Louise
 41961 | Swamp:2  | Killed Louise
 42734 | Swamp:3  | Noticed Mara
 42741 | Swamp:3  | Noticed pokedragonboy's illusion
 42746 | Swamp:3  | Killed Mara
 42747 | Swamp:3  | Reached XP level 19. HP: 141/190 MP: 7/35
 43394 | Swamp:4  | Entered Level 4 of the Swamp
 43599 | Swamp:4  | Noticed a tentacled monstrosity
 43608 | Swamp:4  | Killed a tentacled monstrosity
 43798 | Swamp:4  | Reached skill level 17 in Fighting
 43831 | Swamp:4  | Noticed the 27-headed Lernaean hydra
 43845 | Swamp:4  | Killed the 27-headed Lernaean hydra
 43860 | Swamp:4  | Got a decaying rune of Zot
 43862 | Swamp:4  | Got Sif Muna's Compendium of the Sphinx
 43928 | Swamp:4  | Learned a level 3 spell: Ozocubu's Armour
 43935 | Swamp:4  | Learned a level 6 spell: Death Channel
 44305 | Swamp:4  | Found the +1 cloak of Starlight {*Dazzle EV+4 Stlth--}
 44873 | Elf:1    | Entered Level 1 of the Elven Halls
 44886 | Elf:1    | Reached skill level 1 in Ice Magic
 44947 | Elf:1    | Identified the +6 great mace of Yxegiy {freeze, rC+ Str+3
                  | Stlth+}
 46130 | Elf:2    | Reached XP level 20. HP: 201/201 MP: 35/37
 46131 | Elf:2    | Paralysed by an air elemental for 1 turns
 46198 | Elf:2    | Paralysed by an air elemental for 1 turns
 46866 | Elf:2    | Found a runed translucent gate.
 46866 | Elf:2    | Found a runed translucent gate.
 46866 | Elf:2    | Found a runed translucent gate.
 47228 | Elf:2    | Reached skill level 10 in Necromancy
 48248 | Depths:1 | Entered Level 1 of the Depths
 48251 | Depths:1 | Noticed a dread lich
 48253 | Depths:1 | Noticed a dread lich
 48263 | Depths:1 | Found a one-way gateway to a ziggurat.
 48263 | Depths:1 | Noticed an ancient lich
 48264 | Depths:1 | Noticed an ancient lich
 48293 | Depths:1 | Gained mutation: Your magical capacity is low. (-10% MP) [a
                  | shining eye]
 48940 | Depths:1 | Found a gateway to Hell.
 49094 | Depths:1 | Reached skill level 5 in Ice Magic
 49267 | Depths:1 | Reached skill level 18 in Fighting
 50066 | Depths:1 | Found Vofogoacs's Book Shop.
 50072 | Depths:1 | Bought Great Wizards, Vol. VII for 360 gold pieces
 50077 | Depths:1 | Learned a level 4 spell: Passage of Golubria
 50385 | Depths:2 | Found a corrupted altar of Lugonu.
 50385 | Depths:2 | Found a one-way gate to the infinite horrors of the Abyss.
 50609 | Depths:2 | Found Ulesovet's Weapon Shoppe.
 50609 | Depths:2 | Found Tiore's Armour Emporium.
 50612 | Depths:2 | Found Zoemupp's Weapon Shoppe.
 50655 | Depths:2 | Found a one-way gate leading to the halls of Pandemonium.
 51006 | Depths:2 | Noticed Aizul
 51013 | Depths:2 | Killed Aizul
 51014 | Depths:2 | Reached skill level 15 in Spellcasting
 51240 | Depths:2 | Reached XP level 21. HP: 151/209 MP: 18/36
 51802 | Depths:2 | Found the +5 glaive of the Guard {elec, spectral, AC+5}
 55230 | Depths:3 | Found a portal to a secret trove of treasure.
 55275 | Depths:4 | Entered Level 4 of the Depths
 55306 | Depths:4 | Reached skill level 19 in Fighting
 55544 | Depths:4 | Noticed a bone dragon
 55546 | Depths:4 | Noticed a bone dragon
 55553 | Depths:4 | Killed a bone dragon
 55561 | Depths:4 | Killed a bone dragon
 55619 | Depths:4 | Reached XP level 22. HP: 111/224 MP: 3/37
 55624 | Depths:4 | Found a sacrificial altar of Ru.
 55872 | Depths:4 | Noticed a golden dragon
 55877 | Depths:4 | Killed a golden dragon
 56126 | Depths:4 | Found a gate to the Realm of Zot.
 56285 | Depths:4 | Noticed a juggernaut
 56290 | Depths:4 | Killed a juggernaut
 56358 | Depths:4 | Got the Information on Turbulence and Impulse
 58476 | Vaults:1 | Entered Level 1 of the Vaults
 58524 | Vaults:1 | Learned a level 2 spell: Wereblood
 58647 | Vaults:1 | Identified the +1 chain mail "Fironn" {Will++}
 58676 | Vaults:1 | Noticed an ancient lich
 58681 | Vaults:1 | Killed an ancient lich
 58898 | Vaults:1 | Reached skill level 1 in Transmutations
 60481 | Vaults:1 | Reached XP level 23. HP: 159/235 MP: 13/39
 60821 | Vaults:2 | Found a staircase to the Crypt.
 61190 | Vaults:2 | Reached skill level 20 in Fighting
 61366 | Vaults:2 | Reached skill level 5 in Transmutations
 61426 | Vaults:2 | You fall into a shaft and drop 1 floor!
 62419 | Vaults:2 | Found Elyqeice's Book Emporium.
 62438 | Vaults:2 | Learned a level 6 spell: Simulacrum
 62886 | Vaults:3 | Noticed Jory
 62892 | Vaults:3 | Killed Jory
 63021 | Vaults:3 | Found Gisoi's Book Emporium.
 63027 | Vaults:3 | Bought a manual of Spellcasting for 1680 gold pieces
 63835 | Vaults:3 | Noticed a golden dragon
 63844 | Vaults:3 | Reached XP level 24. HP: 86/247 MP: 25/40
 64313 | Vaults:3 | Reached skill level 21 in Fighting
 65318 | Vaults:4 | Noticed Zenata
 65321 | Vaults:4 | Killed Zenata
 65456 | Vaults:4 | Noticed Bai Suzhen
 65468 | Vaults:4 | Killed Bai Suzhen
 65609 | Vaults:4 | Got the Almanac of Pestilent Allies
 66967 | Vaults:5 | Entered Level 5 of the Vaults
 66983 | Vaults:5 | Noticed a dread lich
 66987 | Vaults:5 | Noticed Margery
 66991 | Vaults:5 | Killed a dread lich
 67007 | Vaults:5 | Killed Margery
 67009 | Vaults:5 | Reached skill level 15 in Translocations
 67014 | Vaults:5 | Noticed an ancient lich
 67469 | Vaults:5 | Identified the ring of Waeplume {rPois rN+ Stlth+}
 67500 | Vaults:5 | Noticed an ancient lich
 67513 | Vaults:5 | Reached skill level 22 in Fighting
 67514 | Vaults:5 | Reached XP level 25. HP: 46/260 MP: 15/42
 67549 | Vaults:5 | Identified the +0 scale mail "Ucwak" {Slay+3}
 67565 | Vaults:5 | Identified the +2 chain mail of Cabasycw {Rampage rN+ Str-2
                  | Stlth+}
 67684 | Vaults:5 | Noticed Saint Roka
 67690 | Vaults:5 | Killed Saint Roka
 67936 | Vaults:5 | Identified the ring "Jedile" {Will+ rCorr Int-5 SInv}
 68079 | Vaults:5 | Killed an ancient lich
 68128 | Vaults:5 | Killed an ancient lich
 68413 | Vaults:5 | Identified the +10 rapier "Xugrahi" {heavy, *Corrode rPois
                  | Will++ Str+3}
 68434 | Vaults:5 | Got a silver rune of Zot
 68436 | Vaults:5 | Got the Quarto of the Gathered Cemetery
 69720 | Elf:3    | Entered Level 3 of the Elven Halls
 69749 | Elf:3    | Found a frozen archway.
 69778 | IceCv    | Entered an ice cave
 71203 | Elf:3    | Found Funi's Distillery.
 71204 | Elf:3    | Found Vaqudaucw's Jewellery Boutique.
 71209 | Elf:3    | Bought a potion of ambrosia for 96 gold pieces
 71209 | Elf:3    | Bought a potion of ambrosia for 96 gold pieces
 71209 | Elf:3    | Bought a potion of magic for 96 gold pieces
 71249 | Elf:3    | Found Cuerahap's Antique Armour Shop.
 71400 | Elf:3    | Found Qurear's Distillery.
 71437 | Elf:3    | Found Zaminag's Assorted Antiques.
 71452 | Elf:3    | Found Nizin's Armour Emporium.
 71499 | Elf:3    | Reached skill level 15 in Necromancy
 71966 | Elf:3    | Found Paddor's Distillery.
 72240 | Elf:3    | Identified the ring of Gusim {rC+ Str+6 Int+5 Dex-5 Stlth+}
 72563 | Elf:3    | Identified the +2 spear of the Wary Nights {heavy, Dex+3}
 72615 | Elf:3    | Got the Notes on the Switch
 72676 | Elf:3    | Identified the +1 scale mail of Tomorrow {Rampage rC+ Will-
                  | Slay+4}
 72677 | Elf:3    | Identified the +2 dagger of Death {venom, rN+ Str-3 Dex+3}
 72707 | Elf:3    | Identified the +11 dagger "Tonimuke" {venom, rF+ rC- rN+
                  | Int+3}
 72745 | Elf:3    | Identified the +9 halberd of Brawling {distort, Int+3}
 72760 | Elf:3    | Identified the +1 robe of the Trees {*Corrode rPois rC+
                  | Regen+}
 72771 | Elf:3    | Found the +8 longbow "Zephyr" {speed, Dex+3 SInv}
 72790 | Elf:3    | Identified the ring "Zilui" {rElec rN+ Int+5}
 73072 | Elf:3    | Identified the +3 scale mail of Trial and Error {Harm rF-
                  | MP+9 Str+3}
 74057 | Slime:1  | Entered Level 1 of the Pits of Slime
 74068 | Slime:1  | Gained mutation: You are weak. (Str -2) [a shining eye]
 74811 | Slime:5  | Entered Level 5 of the Pits of Slime
 74844 | Slime:5  | Reached XP level 26. HP: 222/271 MP: 25/43
 75112 | Slime:5  | Noticed the Royal Jelly
 75551 | Slime:5  | HP: 6/272 [acid blob[the Royal Jelly] (9)]
 75551 | Slime:5  | HP: 1/272 [acid[the Royal Jelly] (5)]
 76203 | Slime:5  | HP: 5/272 [the Royal Jelly (9)]
 76203 | Slime:5  | HP: 1/272 [acid (4)]
 76204 | Slime:5  | Splashed by an acid blob's acid

Illustrated notes

Levels and vault maps discovered:
D:1:      dpeg_arrival_rooms_b, layout_basic,
          dreamdust_ecumenical_altar_drowned_temple, serial_shops, shop,
          nicolae_shop_advertising_works [nicolae_subvault_shop_adworks],
          shop_scrolls, nicolae_shop_competitors_out_of_business,
          hangedman_feature_mirror, minmay_tetromino_i4
D:2:      layout_basic, basic_altar, amethyst_killhole, minmay_surrounded,
          uniq_natasha
D:3:      layout_basic, serial_shops, shop, nicolae_shop_trees,
          nicolae_shop_statue_plus, uniq_sigmund
D:4:      layout_cave_pods, uniq_pikel
D:5:      layout_basic, serial_shops, shop, shop, shop, shop_fountains, shop,
          nicolae_elemental_shop
D:6:      layout_basic, minmay_temple_entry_tees, uniq_edmund
D:7:      layout_loops_ring, grunt_qazlal_sundering, xom_redecorated,
          mainiacjoe_overflow_small_starburst, grunt_ministairs_12
D:8:      layout_loops_ring, general_overflow_altar
D:9:      kennysheep_steamy, layout_grid_maze, orc_0_dummy,
          minmay_crystal_water, nicolae_fountain_basement
D:10:     layout_small_grid, bh_circular_ruins
D:11:     layout_basic, david_lair_generic, gammafunk_ghost_smash, uniq_psyche,
          uniq_harold
D:12:     layout_cave_pods, gammafunk_ghost_icy, chequers_serial_rivers_large_b,
          nicolae_uskayaw_murder_on_the_dancefloor, uniq_kirke, uniq_fannar,
          uniq_josephine
D:13:     layout_rooms, hangedman_vaults_entry_quadrant_bands,
          gauntlet_entry_generic, uniq_jorgrun
D:14:     gammafunk_mikee_crab_dinner, layout_stronghold,
          kennysheep_nondescript, grunt_ministairs_9
D:15:     gammafunk_enter_depths_forms, layout_small_grid,
          trog_three_pillars_becter
Temple:   mainiacjoe_temple_bowtie_tessellation
Lair:1:   layout_long_grid, minivault_25, grunt_megastairs_2,
          serial_bayou_shore_b
Lair:2:   layout_regular_city, skrybe_swamp_entry_bodies, serial_bayou_shore_a,
          grunt_megastairs_5
Lair:3:   layout_long_grid, dummy_spider_entry, grunt_megastairs_4,
          serial_bayou_shore_b
Lair:4:   layout_hall_layers, disabler_island, lemuel_fruit_fields
Lair:5:   cheibrodos_lair_end_hotspot, layout_cave_shapes,
          nicolae_slime_entry_slimehenge, kennysheep_rathole, uniq_snorg
Swamp:1:  layout_falls_marsh, nicolae_swamp_fairy_circle, swamp_pool2,
          hangedman_swamp_dais, uniq_nikola
Swamp:2:  layout_basic_swamp, hangedman_swamp_lotus, uniq_louise
Swamp:3:  layout_basic_swamp, hangedman_swamp_ruin_wall, swamp_pool4, uniq_mara
Swamp:4:  swamp_basic_johnstein, layout_basic_swamp, swamp_pool1
Spider:1: layout_cave_pods
Spider:2: layout_cave_pods, ebering_ghost_rock_garden, uniq_asterion
Spider:3: layout_spider_delve, hive_lemuel
Spider:4: hellmonk_spider_rune_bug_friends, drop_trap, uniq_arachne
Slime:1:  layout_caves
Slime:2:  layout_caves, cheibrodos_slime_lost_civilization_4
Slime:3:  nicolae_slime_jelly_donut, layout_caves
Slime:4:  cheibrodos_slime_lost_civilization_2, layout_caves
Slime:5
Orc:1:    layout_caves, nicolae_volcano_entry_two_sided
Orc:2:    st_orc_ogre_mass, layout_diamond_mine, basic_altar,
          nicolae_orc_flooded_monolith
Elf:1:    elf_arrival_002, layout_geoelf_octagon, minivault_28,
          lemuel_upstairs_altar
Elf:2:    nicolae_elf_blades_crystal_corner, layout_loops_corners, drop_trap
Elf:3:    minmay_elf_hall, layout_geoelf_diagonals, serial_shops, shop, shop,
          nicolae_square_shop, shop, nicolae_shop_stone,
          portal_ice_cave_entry_ice_statue_two, nicolae_wooded_promenade,
          grunt_ministairs_15, dk_noncrumbling_4, serial_sigils_hangedman_gut
Vaults:1: nicolae_vaults_network_square, v_alt_pattern_3,
          vaults_standard_mumra_enter_the_diamond, st_smaller_cells, v_misc_17,
          v_misc_30, vaults_dpeg_ring, nicolae_vaults_big_ls,
          dpeg_vaults_monster_box, nicolae_vaults_little_squares_6,
          ontoclasm_vaults_gateway, nicolae_vaults_asterisk,
          layout_vaults_omnicross
Vaults:2: special_room_vaults [special_room_orc], minmay_crypt_entry_vampire_xt,
          v_misc_16, vaults_dpeg_encased_lava, v_misc_9,
          vaults_room_fancy_cross, v_pattern_3, v_misc_4,
          nicolae_vaults_puzzle_piece, vaults_dpeg_hooks, v_rooms_1,
          nicolae_vaults_asterisk, hangedman_vaults_pinch,
          layout_vaults_omnibox, serial_shops, nicolae_shop_crystal
Vaults:3: v_misc_29, v_alt_pattern_3, vaults_room_large_hall,
          nicolae_vaults_border_crossing, vaults_standard_mumra_x, v_misc_16,
          v_rooms_4, st_eye, v_misc_11, v_misc_31, layout_vaults_ring,
          serial_shops, shop, uniq_jory
Vaults:4: vaults_room_grid, v_misc_23, nicolae_vaults_bisected_exclaves,
          vaults_room_hallway, grunt_vaults_twisty, nicolae_vaults_rhombus_6,
          vaults_room_hangedman_quadrants, vaults_room_pools,
          layout_vaults_quadrants, uniq_zenata, uniq_bai_suzhen
Vaults:5: serial_shops, uniq_saint_roka, uniq_margery
Depths:1: layout_roguey, enter_ziggurat_c,
          nicolae_hell_entry_hellmouth_sunbeams, minmay_misc_feat_iff,
          serial_shops, nicolae_square_shop, kennysheep_generic_room_4
Depths:2: minmay_guarded_unrand_guard, layout_gridlike, abyss_entry_flame_altar,
          rand_demon_pan_entry_5, hell_entry, minmay_shop_star, uniq_aizul
Depths:3: minmay_imperfect_grid, layout_basic, abyss_entry, serial_glass,
          glass_columns_b, glass_columns_b, enter_trove_6, hell_entry,
          lemuel_flamethrower_hall
Depths:4: grunt_twist_and_shout, layout_gridlike, hell_entry,
          nicolae_ru_the_path_less_chosen

Skill      XL: |  1  2  3  4  5  6  7  8  9 10 11 12 13 14 15 16 17 18 19 20 21 22 23 24 25 |
---------------+----------------------------------------------------------------------------+-----
Armour         | 1 |  1.0
Dodging        | 2 3 4 5 6 7 8 9 10 | 10.0
Polearms       | 3 4 6 7 8 10 12 13 15 16 17 18 19 20 | 20.0
Fighting       | 3 4 5 6 7 8 10 11 12 13 14 15 16 17 18 19 20 22 | 22.8
Translocations | 4 5 6 7 8 10 11 13 15 16 | 16.2
Invocations    | 3 5 6 7 9 10 12 14 | 14.4
Spellcasting   | 5 6 7 9 11 12 13 15 16 18 20 21 | 21.9
Conjurations   | 2 3 |  3.0
Evocations     | 5 7 8 |  8.0
Necromancy     | 5 8 9 11 12 13 15 | 15.6
Ice Magic      | 3 5 |  5.0
Transmutations | 3 5 |  5.0
Throwing       | |  0.8

Action                     |  1- 3 |  4- 6 |  7- 9 | 10-12 | 13-15 | 16-18 | 19-21 | 22-24 | 25-27 || total
---------------------------+-------+-------+-------+-------+-------+-------+-------+-------+-------++-------
  Melee: Spear             |   135 |   136 |       |       |       |       |       |       |       ||   271
         Punch             |     3 |       |     1 |       |       |       |       |       |       ||     4
         Trident           |       |     2 |   229 |   671 |   455 |    92 |       |       |       ||  1449
         Halberd           |       |       |    38 |   106 |       |       |       |       |       ||   144
         Constrict         |       |       |       |       |   149 |   195 |    75 |    97 |    48 ||   564
         Demon trident     |       |       |       |       |   390 |  1176 |   874 |   126 |       ||  2566
         War axe           |       |       |       |       |       |    10 |       |    17 |       ||    27
         Glaive            |       |       |       |       |       |       |   323 |  1028 |   715 ||  2066
  Throw: Boomerang         |     1 |       |       |       |       |       |       |       |       ||     1
   Cast: Lesser Beckoning  |       |       |     1 |    13 |    31 |    46 |    23 |    15 |    16 ||   145
         Vhi's Electric Ch |       |       |       |    10 |    32 |    76 |    67 |    59 |    33 ||   277
         Manifold Assault  |       |       |       |    18 |    49 |   148 |   268 |   307 |   176 ||   966
         Blink             |       |       |       |     4 |     5 |     1 |     2 |       |     1 ||    13
         Teleport Other    |       |       |       |     2 |     7 |     2 |       |       |     1 ||    12
         Gell's Gravitas   |       |       |       |       |       |     9 |     7 |     2 |       ||    18
         Animate Dead      |       |       |       |       |       |    13 |    21 |    17 |     7 ||    58
         Sublimation of Bl |       |       |       |       |       |     5 |    49 |    38 |    16 ||   108
         Dispersal         |       |       |       |       |       |     3 |       |       |     3 ||     6
         Death Channel     |       |       |       |       |       |       |     6 |     6 |     6 ||    18
         Ozocubu's Armour  |       |       |       |       |       |       |     7 |    10 |     2 ||    19
         Passage of Golubr |       |       |       |       |       |       |     1 |     1 |     3 ||     5
         Wereblood         |       |       |       |       |       |       |       |    14 |     7 ||    21
         Simulacrum        |       |       |       |       |       |       |       |     3 |       ||     3
 Invoke: Bend Time         |       |       |       |     7 |     3 |       |       |       |     1 ||    11
         Slouch            |       |       |       |       |    11 |     6 |     5 |     7 |     3 ||    32
Ability: Spit Poison       |    11 |    23 |    35 |    34 |     8 |     1 |     1 |       |       ||   113
  Evoke: Wand              |       |       |       |       |     1 |     1 |       |       |       ||     2
         Box of beasts     |       |       |       |       |       |       |       |       |     1 ||     1
    Use: Scroll            |     4 |     3 |     7 |    12 |    16 |    10 |     3 |     4 |     7 ||    66
         Potion            |       |       |     1 |     3 |     4 |    15 |     3 |     7 |    13 ||    46
   Stab: Sleeping          |     1 |     1 |       |     1 |       |       |       |       |       ||     3
         Distracted        |       |       |     5 |       |     3 |     6 |    10 |    17 |    11 ||    52
         Confused          |       |       |       |       |       |     1 |       |       |       ||     1
         Invisible         |       |       |       |       |       |       |     3 |       |       ||     3
 Armour: Leather armour    |    18 |    15 |    50 |   327 |   321 |    52 |       |       |       ||   783
         Skin              |       |     6 |    23 |       |       |       |       |       |       ||    29
         Ring mail         |       |       |       |       |       |   393 |   293 |   214 |    86 ||   986
         Gold dragon scale |       |       |       |       |       |       |       |       |   188 ||   188
  Dodge: Dodged            |    45 |    57 |   104 |   358 |   416 |   522 |   306 |   244 |   189 ||  2241
  Block: Kite shield       |       |       |       |   335 |   361 |   435 |   198 |    56 |       ||  1385
         Other             |       |       |       |       |       |       |       |    63 |    67 ||   130
         Reflection        |       |       |       |       |       |       |       |    15 |     9 ||    24

Table legend: (Time is in decaauts)
 A = Elapsed time spent in this place.
 B = Non-inter-level travel time spent in this place.
 C = Inter-level travel time spent in this place.
 D = Time resting spent in this place.
 E = Time spent auto-exploring this place.
 F = Levels seen in this place.
 G = Mean time per level.
                   A        B        C        D        E       F      G
               +--------+--------+--------+--------+--------+-----+--------+
         Total | 136063 | 111937 |  24126 |  21896 |  65088 |  51 | 2667.9 |
       Dungeon |  42471 |  28822 |  13649 |   4983 |  19221 |  15 | 2831.4 |
        Temple |    353 |    271 |     82 |      0 |    252 |   1 |  353.0 |
          Lair |  16658 |  13831 |   2827 |   2895 |   8843 |   5 | 3331.6 |
         Swamp |   7671 |   6675 |    996 |   1284 |   3834 |   4 | 1917.8 |
   Spider Nest |  10717 |  10027 |    690 |   2346 |   5734 |   4 | 2679.2 |
    Slime Pits |   2791 |   2712 |     79 |   1489 |      0 |   5 |  558.2 |
  Orcish Mines |   4869 |   3741 |   1128 |    595 |   2030 |   2 | 2434.5 |
   Elven Halls |  11173 |   9771 |   1402 |   1646 |   4265 |   3 | 3724.3 |
        Vaults |  19366 |  17948 |   1418 |   2941 |  11348 |   5 | 3873.2 |
        Depths |  15580 |  13730 |   1850 |   2640 |   8602 |   4 | 3895.0 |
      Ice Cave |   1867 |   1867 |      0 |    421 |    815 |   1 | 1867.0 |
       Volcano |    821 |    821 |      0 |    339 |      0 |   1 |  821.0 |
      Gauntlet |   1721 |   1721 |      0 |    314 |    140 |   1 | 1721.0 |
               +--------+--------+--------+--------+--------+-----+--------+

Top non-repeatable levels by time:
    D:11: 5328 daAuts
Depths:3: 5144 daAuts
   Elf:3: 4573 daAuts
Vaults:3: 4464 daAuts
     D:9: 4302 daAuts
    D:14: 4284 daAuts
    D:15: 4213 daAuts
  Lair:1: 4170 daAuts
Vaults:4: 4087 daAuts
Vaults:1: 4011 daAuts
Depths:2: 4006 daAuts
   Elf:2: 3924 daAuts
Vaults:5: 3510 daAuts
Spider:2: 3497 daAuts
    D:13: 3486 daAuts
